 Seeded DCSS version 0.31-a0-1612-g4aaf141004 (webtiles) character file.

Game seed: 17894078037245672648 (custom seed)

333 innerfire43 the Twirler (level 6, -5/47 HPs)
             Began as a Demonspawn Wanderer on Jan 9, 2024.
             Was a Follower of Nemelex Xobeh.
             Slain by a gnoll
             ... wielding a +0 halberd
              (7 damage)
             ... on level 4 of the Dungeon.
             The game lasted 00:03:52 (2475 turns).

innerfire43 the Twirler (Demonspawn Wanderer)       Turns: 2475, Time: 00:03:54

Health: -5/47      AC: 11    Str: 18 (21) XL:     6   Next: 27%
Magic:  8/8        EV: 12    Int:  4 (7)  God:    Nemelex Xobeh [*.....]
Gold:   89         SH:  0    Dex: 12 (13) Spells: 5/5 levels left

rFire   . . .        a - +3 quarterstaff (spect)
rCold   . . .        (shield currently unavailable)
rNeg    . . .        d - +0 leather armour
rPois   .            (no helmet)
rElec   +            s - +0 cloak
rCorr   .            (no gloves)
SInv    .            m - +0 pair of boots
Will    +....        (no amulet)
Stlth   +            (no ring)
HPRegen 0.27/turn    (no ring)
MPRegen 0.22/turn

%: no passive effects
@: mighty, sanguine armoured, invisible
A: powered by death 1, magic regeneration, sanguine armour 1, strong-willed 1,
electricity resistance, strong 1, wild magic 1
a: Renounce Religion, Draw Escape, Draw Destruction, Draw Summoning


You were on level 4 of the Dungeon.
You worshipped Nemelex Xobeh.
Nemelex Xobeh was aware of your devotion.
You visited 1 branch of the dungeon, and saw 4 of its levels.

You collected 89 gold pieces.

Inventory:

Hand Weapons
 a - a +3 spectral quarterstaff (weapon)
Missiles
 e - a throwing net (quivered)
Armour
 b - a +0 cloak
 d - a +0 leather armour (worn)
 m - a +0 pair of boots (worn)
 s - a +0 cloak (worn)
Jewellery
 u - an amulet of reflection
Scrolls
 c - a scroll of vulnerability
 i - a scroll of poison
 n - 2 scrolls of enchant armour {unknown}
 o - a scroll of fear {unknown}
 r - a scroll of noise {unknown}
Potions
 t - a potion of haste {unknown}


   Skills:
 + Level 3.4 Fighting
 * Level 4.6 Staves
 - Level 1.0 Throwing
 - Level 1.0 Armour
 + Level 3.1 Dodging
 - Level 1.0 Stealth
 + Level 3.4 Invocations


You had 5 spell levels left.
You didn't know any spells.
Your spell library contained the following spells:

 Spells                   Type           Power      Damage    Failure   Level
 Call Canine Familiar     Summ           0%         N/A       94%         3
 Sigil of Binding         Hex            0%         N/A       94%         3
 Dimensional Bullseye     Hex/Tloc       0%         N/A       100%        4


Dungeon Overview and Level Annotations

Branches:
Dungeon (4/15)
 Temple: D:4-7

Altars:
Nemelex Xobeh

Shops:
D:2 *   D:3 (


Innate Abilities, Weirdness & Mutations

You regenerate a little health from kills.
You regenerate magic rapidly.
When seriously injured, your blood forms armour. (AC +6)
You are strong-willed. (Will+)
You are resistant to electric shocks. (rElec)
Your muscles are strong. (Str +4, Int/Dex -1)
Your spells are a little harder to cast, but a little more powerful.


Message History

Your +3 spectral quarterstaff hits the gnoll bouda!
The gnoll bouda hits you with a +0 whip.
* * * LOW HITPOINT WARNING * * *
The gnoll closely misses you.
The gnoll bouda closely misses your +3 spectral quarterstaff.
You hit the gnoll bouda.
The gnoll bouda is almost dead.
Your +3 spectral quarterstaff closely misses the gnoll bouda.
The gnoll is no longer moving quickly.
The gnoll bouda hits you with a +0 whip.
* * * LOW HITPOINT WARNING * * *
Unknown command.
You sock the gnoll bouda!
You kill the gnoll bouda!
Your +3 spectral quarterstaff disappears.
The gnoll misses you.
It was a potion of might.
You feel very mighty all of a sudden.
The gnoll is no longer moving quickly.
The gnoll hits you from afar with a +0 halberd.
* * * LOW HITPOINT WARNING * * *
It was a potion of curing.
You feel better.
The gnoll hits you from afar with a +0 halberd!
* * * LOW HITPOINT WARNING * * *
The ogre misses you. The gnoll barely misses you.
It was a potion of degeneration.
There was something very wrong with that liquid.
You feel weakened.
You feel dopey.
You feel clumsy. The gnoll barely misses you.
The gnoll hits you but does no damage. The ogre barely misses you.
It was a potion of invisibility.
You fade into invisibility!
Your attacks no longer feel as feeble.
The gnoll barely misses you. The gnoll closely misses you.
It was a potion of mutation.
You feel extremely strange.
You feel stronger.
You feel strong-willed.
You feel less in control of your magic.
You feel insulated. The gnoll closely misses you. The ogre closely misses you.
The gnoll hits you from afar with a +0 halberd!
You die...
Your body glows slightly and disappears.

.......)........
~~~~~~~....~≈~~~
~≈~≈~~~....~≈≈~≈
~~~~~~~....~≈~~~
................
#########''''#########
#.......#....#.......#
#......)#...g#.......#
#......)'..ggO@......#
#+#########g########+#
.... ...~o..
.....~g... ...#....#.g
####....#### # )(##$!
#


You could see an ogre (unable to see you) and 4 gnolls.

Vanquished Creatures
  A hound (D:3)
  A bombardier beetle (D:3)
  2 gnoll boudas (D:4)
  An iguana (D:3)
  5 gnolls (D:4)
  8 adders
  6 orcs
  7 bats
  6 endoplasms
  2 giant cockroaches
  4 goblins
  4 hobgoblins
  9 jackals
  4 ball pythons
  4 frilled lizards
  3 kobolds
  5 rats
72 creatures vanquished.

Notes
Turn   | Place    | Note
-------+----------+-------------------------------------------
     0 | D:1      | innerfire43 the Demonspawn Wanderer began the quest for the
                  | Orb.
     0 | D:1      | innerfire43 set off with the following items: a +3
                  | quarterstaff, a +0 cloak, a scroll of vulnerability, a +0
                  | leather armour.
     0 | D:1      | Reached XP level 1. HP: 16/16 MP: 1/1
     0 | D:1      | Noticed a vampire
     0 | D:1      | Noticed a naga
     3 | D:1      | Noticed a ghoul
     3 | D:1      | Noticed a barachi
     5 | D:1      | Noticed a naga
     6 | D:1      | Noticed a djinni
     7 | D:1      | Noticed a spriggan
     8 | D:1      | Noticed a djinni
    11 | D:1      | Noticed a vampire
    13 | D:1      | Noticed a spriggan
    13 | D:1      | Noticed a merfolk
    15 | D:1      | Noticed an elf
    17 | D:1      | Noticed an armataur
    17 | D:1      | Noticed a minotaur
    19 | D:1      | Noticed a vine stalker
    21 | D:1      | Noticed a formicid
   231 | D:1      | Gained mutation: You regenerate a little health from kills.
                  | [demonic ancestry]
   231 | D:1      | Reached XP level 2. HP: 22/22 MP: 2/2
   271 | D:1      | Reached skill level 3 in Staves
   347 | D:1      | Reached skill level 1 in Invocations
   868 | D:2      | Reached XP level 3. HP: 28/28 MP: 2/4
  1206 | D:2      | Found Budoext's Assorted Antiques.
  1527 | D:3      | Gained mutation: When seriously injured, your blood forms
                  | armour. (AC +6) [demonic ancestry]
  1527 | D:3      | Reached XP level 4. HP: 20/34 MP: 5/5
  1645 | D:3      | Found a faded altar of an unknown god.
  1657 | D:3      | Prayed at the altar of an unknown god.
  1657 | D:3      | Became a worshipper of Nemelex Xobeh the Trickster
  1657 | D:3      | Reached * piety under Nemelex Xobeh
  1873 | D:3      | Reached skill level 4 in Staves
  1873 | D:3      | Reached XP level 5. HP: 28/40 MP: 6/6
  2079 | D:3      | Found Jema's Antique Weapon Shoppe.
  2302 | D:4      | Received a gift from Nemelex Xobeh
  2452 | D:4      | Noticed an ogre
  2458 | D:4      | Gained mutation: You regenerate magic rapidly. [demonic
                  | ancestry]
  2458 | D:4      | Reached XP level 6. HP: 42/47 MP: 8/8
  2472 | D:4      | HP: 1/47 [gnoll/+0 halberd (12)]
  2475 | D:4      | Gained mutation: Your muscles are strong. (Str +4, Int/Dex
                  | -1) [potion of mutation]
  2475 | D:4      | Gained mutation: You are strong-willed. (Will+) [potion of
                  | mutation]
  2475 | D:4      | Gained mutation: Your spells are a little harder to cast,
                  | but a little more powerful. [potion of mutation]
  2475 | D:4      | Gained mutation: You are resistant to electric shocks.
                  | (rElec) [potion of mutation]
  2475 | D:4      | Slain by a gnoll

Illustrated notes

Levels and vault maps discovered:
D:1:      shiori_arrival_whats_in_store_for_you, layout_basic
D:2:      layout_loops_ring, serial_shops, shop
D:3:      layout_basic, hellmonk_ecumenical_altar_arch_garden, serial_shops,
          shop
D:4:      lemuel_castle_with_subvaults [lemuel_castle_interior_carwin_3],
          layout_basic

Skill      XL: |  1  2  3  4  5  6 |
---------------+-------------------+-----
Staves         | 3 4 |  4.6
Dodging        | 2 3 |  3.1
Invocations    | 1 2 3 |  3.4
Fighting       | 3 |  3.4
Throwing       | |  1.0
Armour         | |  1.0
Stealth        | |  1.0

Action                     |  1- 3 |  4- 6 || total
---------------------------+-------+-------++-------
  Melee: Quarterstaff      |    96 |   116 ||   212
    Use: Scroll            |       |     3 ||     3
         Potion            |       |     6 ||     6
   Stab: Sleeping          |     1 |       ||     1
 Armour: Leather armour    |    70 |   104 ||   174
  Dodge: Dodged            |    65 |   149 ||   214

Table legend: (Time is in decaauts)
 A = Elapsed time spent in this place.
 B = Non-inter-level travel time spent in this place.
 C = Inter-level travel time spent in this place.
 D = Time resting spent in this place.
 E = Time spent auto-exploring this place.
 F = Levels seen in this place.
 G = Mean time per level.
                   A        B        C        D        E       F      G
               +--------+--------+--------+--------+--------+-----+--------+
         Total |   2499 |   2460 |     39 |      0 |   1844 |   4 |  624.8 |
       Dungeon |   2499 |   2460 |     39 |      0 |   1844 |   4 |  624.8 |
               +--------+--------+--------+--------+--------+-----+--------+

Top non-repeatable levels by time:
     D:1: 865 daAuts
     D:3: 728 daAuts
     D:2: 668 daAuts
     D:4: 236 daAuts
